[Event "Titled Tuesday Blitz December 20 Late 2022"]
[White "Melikhov, Evgeny V."]
[Black "Tanenbaum, Zachary"]
[WhiteFideId "4122046"]
[BlackFideId "2060850"]
[WhiteElo "2169"]
[BlackElo "2175"]
[Result "0-1"]
[Round "10"]
[TimeControl "180+1"]
[Date "2022.12.21"]
[WhiteClock "0:00:18"]
[BlackClock "0:01:13"]

1. d4 d5 2. c4 dxc4 3. Nf3 Nf6 4. e3 Bg4 5. Bxc4 e6 6. Nc3 c5 7. h3 Bh5 8. g4 Bg6 9. Nh4 cxd4 10. Nxg6 hxg6 11. exd4 Nc6 12. Be3 Bb4 13. Bf1 Nd5 14. Qd3 Nxe3 15. fxe3 Qh4+ 16. Kd2 O-O 17. Bg2 Ne5 18. Qe2 Rfd8 19. Rac1 Rac8 20. Kc2 Nc4 21. Kb1 Qg5 22. Ne4 Qb5 23. Ka1 a6 24. Rc2 Nxe3 25. Rxc8 Qxe2 26. Rxd8+ Bf8 27. Rg1 Nxg2 28. Ng5 Qe3 0-1


[Site "https://www.chess.com"]

[Event "Titled Tuesday Blitz December 20 Late 2022"]
[White "Mendez Fortes, Eduardo Jesus"]
[Black "Rosenberg, Evan S"]
[WhiteFideId "3502376"]
[BlackFideId "2019299"]
[WhiteElo "2307"]
[BlackElo "2406"]
[Result "1-0"]
[Round "10"]
[TimeControl "180+1"]
[Date "2022.12.21"]
[WhiteClock "0:01:23"]
[BlackClock "0:00:01"]

1. e4 e5 2. Nf3 Nc6 3. Bb5 Nf6 4. d3 Ne7 5. O-O c6 6. Ba4 Ng6 7. c3 Be7 8. Re1 O-O 9. d4 exd4 10. e5 Nd5 11. cxd4 d6 12. h3 Bf5 13. Bb3 dxe5 14. dxe5 Re8 15. Bxd5 cxd5 16. Nc3 Bb4 17. Bd2 d4 18. Nb5 Bc5 19. Rc1 Qb6 20. Qa4 d3 21. Nbd4 Be6 22. Ba5 Qxb2 23. Rxc5 b6 24. Rb5 Qxa2 25. Qxa2 Bxa2 26. Bd2 Rac8 27. Ra1 Bc4 28. Rb4 b5 29. Nxb5 Bxb5 30. Rxb5 Rc2 31. Be3 h5 32. Rxa7 Rd8 33. Rbb7 d2 34. Nxd2 Rdxd2 35. Bxd2 Rxd2 36. e6 1-0


[Site "https://www.chess.com"]

[Event "Titled Tuesday Blitz December 20 Late 2022"]
[White "Migot, Tangi"]
[Black "Forgacs, Attila Jr."]
[WhiteFideId "662445"]
[BlackFideId "773654"]
[WhiteElo "2555"]
[BlackElo "2168"]
[Result "1-0"]
[Round "10"]
[TimeControl "180+1"]
[Date "2022.12.21"]
[WhiteClock "0:00:58"]
[BlackClock "0:00:02"]

1. g3 g6 2. Bg2 Bg7 3. h4 Nf6 4. d4 d5 5. Nc3 Bf5 6. Bg5 c6 7. Bxf6 Bxf6 8. h5 Qd7 9. hxg6 hxg6 10. Rxh8+ Bxh8 11. Qd2 Bg7 12. O-O-O Na6 13. e4 dxe4 14. Nxe4 O-O-O 15. Ne2 Qe6 16. N4c3 Nb4 17. d5 cxd5 18. Nd4 Bxd4 19. Qxd4 Nc6 20. Qa4 d4 21. Nb5 a6 22. Bxc6 Kb8 23. Nxd4 Qe5 24. Bf3 Qc5 25. Nc6+ Kc7 26. Qa5+ b6 27. Qxc5 bxc5 28. Rxd8 1-0


[Site "https://www.chess.com"]

[Event "Titled Tuesday Blitz December 20 Late 2022"]
[White "Movahed, Sina"]
[Black "Veiga, Jose Francisco R P Neves"]
[WhiteFideId "42520835"]
[BlackFideId "1930087"]
[WhiteElo "2225"]
[BlackElo "2320"]
[Result "1-0"]
[Round "10"]
[TimeControl "180+1"]
[Date "2022.12.21"]
[WhiteClock "0:02:16"]
[BlackClock "0:01:01"]

1. e4 Nc6 2. d4 d5 3. e5 Bf5 4. f4 e6 5. Nf3 f6 6. Be2 Nh6 7. O-O Be7 8. Nbd2 O-O 9. c3 fxe5 10. fxe5 g5 11. Nb3 Bg6 12. Nc5 Bxc5 13. Bxg5 Be7 14. Bxh6 Rf7 15. Qd2 Bh5 16. Ng5 Bxg5 17. Bxg5 Rxf1+ 18. Rxf1 Qe8 19. g4 Bg6 20. Bf6 Be4 21. h4 h5 22. Qh6 Qg6 23. Qh8+ Kf7 24. Bg5+ Bf5 25. Qxa8 1-0


[Site "https://www.chess.com"]

[Event "Titled Tuesday Blitz December 20 Late 2022"]
[White "Novikova, Galina"]
[Black "Toncheva, Nadya"]
[WhiteFideId "4157095"]
[BlackFideId "2924056"]
[WhiteElo "1953"]
[BlackElo "2101"]
[Result "0-1"]
[Round "10"]
[TimeControl "180+1"]
[Date "2022.12.21"]
[WhiteClock "0:00:01"]
[BlackClock "0:00:07"]

1. d4 d5 2. Nc3 Nf6 3. Bf4 c5 4. e4 dxe4 5. d5 a6 6. Qd2 g6 7. O-O-O Bg7 8. d6 Nc6 9. Nge2 e5 10. Bg5 Bf5 11. Ng3 Nd4 12. Nxf5 gxf5 13. Nd5 Qxd6 14. Nxf6+ Bxf6 15. Bxf6 Qxf6 16. c3 O-O-O 17. cxd4 exd4 18. Bc4 b5 19. Be2 Qe5 20. Kb1 Kb7 21. Rc1 Rd6 22. Bh5 Rc8 23. Bxf7 c4 24. Qb4 Ka7 25. Rhd1 Qc5 26. Qxc5+ Rxc5 27. Bg8 Rc7 28. Rd2 Rg7 29. Bxc4 bxc4 30. Rxc4 Rxg2 31. Rc7+ Kb6 32. Rxh7 e3 33. Rd1 exf2 34. Re7 Rg1 0-1


[Site "https://www.chess.com"]

[Event "Titled Tuesday Blitz December 20 Late 2022"]
[White "Omelja, Artem"]
[Black "Horvath, Dominik"]
[WhiteFideId "14119846"]
[BlackFideId "1642561"]
[WhiteElo "2404"]
[BlackElo "2405"]
[Result "0-1"]
[Round "10"]
[TimeControl "180+1"]
[Date "2022.12.20"]
[WhiteClock "0:00:04"]
[BlackClock "0:00:21"]

1. e4 e5 2. Nf3 Nf6 3. Nxe5 d6 4. Nf3 Nxe4 5. d4 Be7 6. Bd3 d5 7. O-O Bf5 8. Re1 O-O 9. Nbd2 Nd6 10. Nf1 Bxd3 11. Qxd3 c6 12. c3 Na6 13. Ng3 Nc7 14. Nf5 Nxf5 15. Qxf5 Re8 16. Bd2 g6 17. Qd3 Bf6 18. Rxe8+ Qxe8 19. Re1 Qd7 20. Bf4 Ne6 21. Be5 Bg7 22. Bxg7 Nxg7 23. Ne5 Qf5 24. Qxf5 Nxf5 25. Nd7 Rd8 26. Nc5 b6 27. Nd3 Kf8 28. f3 a5 29. Kf2 Nd6 30. b3 Nb5 31. Rc1 Ke7 32. a4 Nd6 33. Re1+ Kf8 34. Ne5 Rc8 35. Nd3 c5 36. dxc5 bxc5 37. Nf4 c4 38. Rb1 Rb8 39. b4 axb4 40. Rxb4 Rxb4 41. cxb4 d4 42. Ne2 d3 43. Nc3 Ke7 44. g4 f5 45. Ke3 Kd7 46. Kd4 Kc6 47. h3 h5 48. gxh5 gxh5 49. h4 Kb6 50. Kd5 Kc7 51. b5 d2 52. b6+ Kd7 53. a5 Nb5 54. Nd1 c3 55. b7 Kc7 56. Kc5 c2 57. Ne3 d1=Q 58. Kxb5 Qd3+ 59. Nc4 c1=Q 60. b8=Q+ Kxb8 61. Kb6 Qcxc4 0-1


[Site "https://www.chess.com"]

[Event "Titled Tuesday Blitz December 20 Late 2022"]
[White "Peatman, Carter"]
[Black "Marcolino, Daniel Mattos"]
[WhiteFideId "2096480"]
[BlackFideId "2106841"]
[WhiteElo "2410"]
[BlackElo "2161"]
[Result "1-0"]
[Round "10"]
[TimeControl "180+1"]
[Date "2022.12.21"]
[WhiteClock "0:00:10"]
[BlackClock "0:00:02"]

1. d4 Nf6 2. Bf4 d5 3. e3 c5 4. dxc5 Nc6 5. Bb5 a6 6. Ba4 e6 7. b4 Be7 8. Nf3 O-O 9. c3 Ne4 10. Bxc6 bxc6 11. O-O a5 12. Qb3 axb4 13. cxb4 Bf6 14. Be5 Ba6 15. Re1 Bxe5 16. Nxe5 Qf6 17. Qb2 Rfb8 18. Rc1 Bb5 19. f4 Ra4 20. Nd2 Nxd2 21. Qxd2 Rba8 22. Rc3 Qf5 23. Rb3 Qe4 24. a3 f6 25. Nf3 Bc4 26. Rc3 Rxb4 27. Nd4 Rb1+ 28. Rxb1 Qxb1+ 29. Kf2 Bb5 30. Nxe6 Qf1+ 31. Kg3 h5 32. h3 h4+ 33. Kxh4 Kf7 34. Nd4 Rh8+ 35. Kg3 g5 36. fxg5 fxg5 37. Qf2+ Qxf2+ 38. Kxf2 Ba4 39. Rc1 Rb8 40. Kg3 Rb2 41. Rf1+ Kg7 42. Ne6+ Kg6 43. Nf8+ Kg7 44. Ne6+ Kg6 45. Rf8 Rb3 46. Kf3 Rxa3 47. Nd4 Rd3 48. Rd8 Rc3 49. Nxc6 Rxc5 50. Ne5+ Kg7 51. Kg4 Bb3 52. Kxg5 Rc2 53. g4 Re2 54. Kf4 Kf6 55. Nd3 Rh2 56. Kg3 Re2 57. Kf3 Rh2 58. Nf4 Rd2 59. h4 Bd1+ 60. Kg3 1-0


[Site "https://www.chess.com"]

[Event "Titled Tuesday Blitz December 20 Late 2022"]
[White "Piliczewski, Bogusz"]
[Black "Gonzalez, Francisco Silva"]
[WhiteFideId "1104144"]
[BlackFideId "1512285"]
[WhiteElo "1896"]
[BlackElo "2220"]
[Result "0-1"]
[Round "10"]
[TimeControl "180+1"]
[Date "2022.12.21"]
[WhiteClock "0:00:01"]
[BlackClock "0:00:47"]

1. d4 Nf6 2. Nf3 d5 3. Bf4 c5 4. e3 Nc6 5. Be2 Qb6 6. Nc3 c4 7. Rb1 Bf5 8. O-O e6 9. h3 Bb4 10. a3 Bxc3 11. bxc3 Qa6 12. Qc1 O-O 13. Qb2 b6 14. Ne5 Rac8 15. Nxc6 Rxc6 16. Qb5 Qc8 17. a4 Ne4 18. Rb2 Nxc3 19. Qb4 Nxe2+ 20. Kh1 c3 21. Rb3 Nxf4 22. exf4 Bxc2 23. Ra3 Bd3 24. Rc1 a5 25. Qb3 Qc7 26. Rxc3 Bc4 27. Qc2 Qxf4 28. Rg3 Qxd4 29. Rad3 Bxd3 30. Qxc6 Qxf2 31. Kh2 Be4 32. Qc3 g6 33. h4 Qf4 34. Kh3 Bf5+ 35. Kh2 Qxh4+ 36. Kg1 Qf4 37. Rf3 Qb4 38. Qxb4 axb4 39. Rb3 d4 40. Rxb4 d3 41. Rxb6 Rd8 42. Rb1 d2 43. Rd1 Bc2 44. Rxd2 Rxd2 45. Kf1 Rxg2 46. Kxg2 Bxa4 47. Kf3 Bc6+ 48. Kf4 Kg7 49. Kg5 f6+ 50. Kf4 g5+ 51. Kg4 Kg6 52. Kg3 h5 53. Kh3 h4 54. Kg4 Bf3+ 55. Kxf3 Kh5 56. Kg2 g4 57. Kf2 f5 58. Ke3 e5 59. Kf2 f4 60. Kg2 e4 61. Kf2 e3+ 62. Ke2 h3 63. Kd3 h2 64. Ke4 h1=Q+ 65. Kxf4 Qe4+ 66. Kxe4 e2 67. Kf4 e1=Q 68. Kf5 Qe6+ 69. Kxe6 g3 70. Kf5 g2 71. Kf4 g1=Q 72. Kf3 Qg4+ 73. Ke3 Qf5 74. Kd4 Qe6 75. Kc5 Qe4 76. Kd6 Kg5 77. Kc5 Qd3 78. Kc6 Qd4 79. Kc7 Qd5 80. Kb6 Qc4 81. Kb7 Qc5 82. Kb8 Qc6 0-1


[Site "https://www.chess.com"]

[Event "Titled Tuesday Blitz December 20 Late 2022"]
[White "Poliakova, Varvara"]
[Black "Polster, Christian"]
[WhiteFideId "13518313"]
[BlackFideId "12965081"]
[WhiteElo "2075"]
[BlackElo "2195"]
[Result "1-0"]
[Round "10"]
[TimeControl "180+1"]
[Date "2022.12.21"]
[WhiteClock "0:00:56"]
[BlackClock "0:00:03"]

1. e4 c5 2. Nf3 Nc6 3. d4 cxd4 4. Nxd4 Nf6 5. Nc3 e5 6. Ndb5 d6 7. Bg5 a6 8. Na3 b5 9. Nd5 Be7 10. Bxf6 Bxf6 11. c3 Bg5 12. Nc2 O-O 13. g3 Be6 14. Bg2 Ne7 15. O-O Nxd5 16. exd5 Bf5 17. Ne3 Bg6 18. h4 Bxe3 19. fxe3 h6 20. e4 f5 21. Qe2 Qe7 22. exf5 Bxf5 23. Be4 Qd7 24. Bxf5 Rxf5 25. Rxf5 Qxf5 26. Rf1 Qh3 27. Rf3 Re8 28. Qe4 Rf8 29. Rxf8+ Kxf8 30. Qg6 Qd7 31. g4 Qe7 32. g5 hxg5 33. hxg5 e4 34. Qf5+ Ke8 35. g6 Kd8 36. Kf1 Kc7 37. Ke2 e3 38. Qf7 Kd8 39. Qf4 Qe8 40. Qxd6+ Kc8 41. Qxa6+ Kc7 42. Qc6+ Qxc6 43. dxc6 Kxc6 44. Kxe3 Kd6 45. Kf4 Ke6 46. Kg5 Ke5 47. b3 Kd5 48. a4 bxa4 49. bxa4 Kc5 50. Kf5 Kb6 51. c4 Kc5 52. a5 Kc6 53. Ke6 1-0


[Site "https://www.chess.com"]

[Event "Titled Tuesday Blitz December 20 Late 2022"]
[White "Renjith, Sravan"]
[Black "Maksimovic, Bojan"]
[WhiteFideId "4306783"]
[BlackFideId "14408120"]
[WhiteElo "2072"]
[BlackElo "2462"]
[Result "1-0"]
[Round "10"]
[TimeControl "180+1"]
[Date "2022.12.20"]
[WhiteClock "0:00:06"]
[BlackClock "0:00:03"]

1. Nf3 Nf6 2. d4 g6 3. g3 Bg7 4. Bg2 O-O 5. O-O d6 6. a4 a5 7. Nbd2 Nbd7 8. e4 e5 9. c3 Re8 10. Qc2 c6 11. Rd1 Qc7 12. Nc4 exd4 13. Nxd4 Nc5 14. Bf4 Nfxe4 15. f3 g5 16. Be3 Nxg3 17. hxg3 d5 18. Nf5 Bxf5 19. Qxf5 Rxe3 20. Nxe3 Qxg3 21. Qg4 Qe5 22. Nf5 Bf6 23. Re1 Qc7 24. Re2 Nd3 25. Qg3 Nf4 26. Kh1 Qd7 27. Qg4 Rd8 28. Re3 h5 29. Nh6+ Kh7 30. Qxd7 Rxd7 31. Nf5 Kg6 32. Nd4 c5 33. Ne2 Ne6 34. Rd1 d4 35. Bh3 Rd8 36. Red3 c4 37. Rxd4 Nxd4 38. Nxd4 Rd5 39. Bf1 b5 40. axb5 Bxd4 41. Bxc4 Rf5 42. cxd4 Rxf3 43. b6 Rf6 44. b7 Rb6 45. Bd5 a4 46. Ra1 Rb4 47. Rxa4 Rxa4 48. b8=Q Rxd4 49. Qe5 Rf4 50. Be4+ Kh6 51. Qh8# 1-0


[Site "https://www.chess.com"]

[Event "Titled Tuesday Blitz December 20 Late 2022"]
[White "Reprintsev, Alexander"]
[Black "Sielecki, Christof"]
[WhiteFideId "14100541"]
[BlackFideId "4620437"]
[WhiteElo "2230"]
[BlackElo "2443"]
[Result "1-0"]
[Round "10"]
[TimeControl "180+1"]
[Date "2022.12.21"]
[WhiteClock "0:00:58"]
[BlackClock "0:00:15"]

1. e4 c5 2. b3 a6 3. d4 cxd4 4. Qxd4 Nc6 5. Qd2 Nf6 6. Nc3 e6 7. Bb2 Bb4 8. f3 d5 9. a3 Bxc3 10. Bxc3 dxe4 11. Qxd8+ Kxd8 12. fxe4 e5 13. Bd3 Bg4 14. Nf3 Bxf3 15. gxf3 Ke7 16. O-O-O Nh5 17. Bc4 Nf4 18. Kb2 Rad8 19. Bd5 f6 20. Rd2 Rd7 21. Bxc6 bxc6 22. Bb4+ Ke6 23. Rxd7 Kxd7 24. Rd1+ Kc7 25. Ba5+ Kc8 26. Rd6 h5 27. Rxc6+ Kb8 28. Rxa6 h4 29. Rb6+ Ka7 30. Rd6 Kb7 31. c4 g5 32. Rxf6 Rg8 33. Rf7+ Kc8 34. b4 g4 35. fxg4 Rxg4 36. b5 Nd3+ 37. Kc3 Nf4 38. b6 Rg2 39. b7+ Kb8 40. Bb4 Ne2+ 41. Kd3 Nf4+ 42. Ke3 Re2+ 43. Kf3 1-0


[Site "https://www.chess.com"]

[Event "Titled Tuesday Blitz December 20 Late 2022"]
[White "Rian, Kapriaga"]
[Black "Postnikov, Artem"]
[WhiteFideId "7103263"]
[BlackFideId "34153575"]
[WhiteElo "2333"]
[BlackElo "2243"]
[Result "0-1"]
[Round "10"]
[TimeControl "180+1"]
[Date "2022.12.21"]
[WhiteClock "0:00:11"]
[BlackClock "0:00:07"]

1. d4 Nf6 2. Nf3 e6 3. Bf4 d5 4. e3 c5 5. Nbd2 Nc6 6. c3 Bd6 7. Ne5 Qc7 8. Bb5 O-O 9. Ndf3 cxd4 10. exd4 Nh5 11. Be3 Nxe5 12. Nxe5 Bxe5 13. Qxh5 Bf4 14. Bxf4 Qxf4 15. O-O a5 16. Rae1 b6 17. Re3 g6 18. Qe2 Qd6 19. Re1 Bd7 20. Bd3 b5 21. Bxb5 Bxb5 22. Qxb5 Rab8 23. Qe2 a4 24. h4 h5 25. Re5 Qd8 26. Rg5 Qf6 27. Qc2 a3 28. bxa3 Rfc8 29. Re3 Qxd4 30. Rxe6 Qg7 31. Rexg6 fxg6 32. Rxg6 Rc7 33. Qf5 Rf8 34. Qxd5+ Rcf7 35. f3 Qxg6 36. Kh2 Qg7 37. Qxh5 Rf5 38. Qg4 Qxg4 39. fxg4 Rf4 40. Kg3 Ra4 41. h5 Rxa3 42. Kh4 Rxa2 43. g5 Rc2 44. g4 Rxc3 45. g6 Rf4 46. Kg5 Rcc4 47. Kh6 Rxg4 48. g7 Rc6# 0-1


[Site "https://www.chess.com"]

[Event "Titled Tuesday Blitz December 20 Late 2022"]
[White "Rodriguez Santiago, Jaime"]
[Black "Jeet, Jain"]
[WhiteFideId "3100898"]
[BlackFideId "5073022"]
[WhiteElo "2025"]
[BlackElo "2067"]
[Result "0-1"]
[Round "10"]
[TimeControl "180+1"]
[Date "2022.12.21"]
[WhiteClock "0:01:02"]
[BlackClock "0:01:33"]

1. c4 e5 2. Nc3 Nf6 3. g3 d5 4. Bg2 d4 5. Nd5 Nxd5 6. cxd5 Nd7 7. e4 Nc5 8. d3 b6 9. b4 Nd7 10. Ne2 Bxb4+ 11. Bd2 Bxd2+ 12. Qxd2 O-O 13. O-O Bb7 14. f4 f6 15. f5 c6 16. dxc6 Bxc6 17. Rac1 Rc8 18. g4 Nc5 19. Rf3 Kf7 20. Rh3 h6 21. Rg3 Ke7 22. h4 Kd6 23. g5 hxg5 24. hxg5 Rg8 25. Qb4 a5 26. Qa3 Kc7 27. Rb1 Rb8 28. Nc1 a4 29. Bf1 Qd6 30. Rg2 Nxe4 31. Qb2 Nc3 0-1


[Site "https://www.chess.com"]

[Event "Titled Tuesday Blitz December 20 Late 2022"]
[White "Ronka, Erik"]
[Black "Pakleza, Zbigniew"]
[WhiteFideId "505080"]
[BlackFideId "1119290"]
[WhiteElo "2264"]
[BlackElo "2410"]
[Result "0-1"]
[Round "10"]
[TimeControl "180+1"]
[Date "2022.12.20"]
[WhiteClock "0:00:05"]
[BlackClock "0:00:20"]

1. e4 d6 2. d4 Nf6 3. Nc3 c6 4. f4 Qb6 5. e5 Nd5 6. Nxd5 cxd5 7. Nf3 Nc6 8. c3 Bf5 9. Bd3 g6 10. O-O e6 11. Bxf5 gxf5 12. Ng5 h6 13. Qh5 Nd8 14. Kh1 Be7 15. g4 Qb5 16. Rf2 Qd3 17. Rf3 Qd1+ 18. Kg2 fxg4 19. Rf2 Kd7 20. f5 Bxg5 21. Bxg5 Qxa1 22. fxe6+ fxe6 23. Bxd8 Raxd8 24. Qf7+ Kc6 25. Qxe6 Qb1 26. c4 Qe4+ 27. Kg1 Qxd4 28. cxd5+ Kb6 29. exd6 Rhe8 0-1


[Site "https://www.chess.com"]

[Event "Titled Tuesday Blitz December 20 Late 2022"]
[White "Rose, Felix"]
[Black "Skibbe, Willi"]
[WhiteFideId "5105722"]
[BlackFideId "4682190"]
[WhiteElo "2039"]
[BlackElo "2318"]
[Result "1-0"]
[Round "10"]
[TimeControl "180+1"]
[Date "2022.12.21"]
[WhiteClock "0:00:03"]
[BlackClock "0:00:01"]

1. d4 g6 2. e4 Bg7 3. Nf3 d6 4. h3 Nd7 5. Nc3 c6 6. a4 e5 7. dxe5 Nxe5 8. Bf4 Ne7 9. Be2 Be6 10. Qd2 Qc7 11. O-O O-O 12. Rfd1 Rad8 13. a5 Nxf3+ 14. Bxf3 Be5 15. Bh6 Rfe8 16. Qe3 b6 17. axb6 axb6 18. Ra6 Nc8 19. Be2 b5 20. f4 Bg7 21. Bxg7 Kxg7 22. Bf3 b4 23. Qd4+ f6 24. Qxb4 d5 25. Qc5 Qxf4 26. Rxc6 d4 27. Ne2 Qe3+ 28. Kh2 Bd7 29. Rc7 Ne7 30. Rxd4 f5 31. Qe5+ Kf7 32. Rdxd7 Rxd7 33. Rxd7 fxe4 34. Qxe4 Qg5 35. Nf4 Kg8 36. Qe6+ Kf8 37. Qe3 Kg8 38. Bd5+ 1-0


[Site "https://www.chess.com"]

[Event "Titled Tuesday Blitz December 20 Late 2022"]
[White "Rustemov, Alexander"]
[Black "Przybylski, Wojciech"]
[WhiteFideId "4119002"]
[BlackFideId "1117599"]
[WhiteElo "2873"]
[BlackElo "2217"]
[Result "0-1"]
[Round "10"]
[TimeControl "180+1"]
[Date "2022.12.20"]
[WhiteClock "0:00:07"]
[BlackClock "0:00:16"]

1. d4 Nf6 2. c4 e6 3. Nf3 d5 4. Nc3 c6 5. e3 Nbd7 6. Qc2 Bd6 7. b3 O-O 8. Be2 b6 9. O-O Bb7 10. Bb2 Re8 11. Rad1 Qe7 12. Rfe1 e5 13. dxe5 Nxe5 14. cxd5 cxd5 15. Nb5 Rac8 16. Qb1 Nxf3+ 17. Bxf3 Bb8 18. Bxf6 Qxf6 19. Nd4 g6 20. g3 Rc5 21. Kg2 h5 22. h4 Rec8 23. Rd2 Be5 24. Ne2 Bc6 25. Red1 d4 26. e4 Rd8 27. a4 a5 28. Qd3 b5 29. Ra2 bxa4 30. bxa4 Bb7 31. Rc2 Ba6 32. Rxc5 Bxd3 33. Rxd3 Qe6 34. Rd5 Rxd5 35. exd5 Qb6 36. Nf4 Qb4 37. Bd1 Bxf4 38. gxf4 Qc4 39. d6 Qd5+ 40. Kg3 Qxd6 41. Bb3 Qb4 42. f5 Qd6+ 43. f4 gxf5 44. Bc4 Kf8 45. Bb5 Qg6+ 46. Kf2 Qf6 47. Kg3 Ke7 48. Rf3 Kd6 49. Kh3 Qh6 50. Bd3 Qe6 51. Kg3 Qg6+ 52. Kf2 Qg4 53. Bc2 Qxh4+ 54. Kg2 Qg4+ 55. Kf2 h4 56. Bd1 h3 57. Rd3 Qg2+ 58. Ke1 Kc5 59. Bf3 Qg1+ 60. Ke2 h2 61. Rd1 Qe3+ 0-1


[Site "https://www.chess.com"]

[Event "Titled Tuesday Blitz December 20 Late 2022"]
[White "Sanchez Alvares, Kelvin Antonio"]
[Black "Li, Hui"]
[WhiteFideId "3906680"]
[BlackFideId "15400310"]
[WhiteElo "2217"]
[BlackElo "1954"]
[Result "1-0"]
[Round "10"]
[TimeControl "180+1"]
[Date "2022.12.21"]
[WhiteClock "0:00:09"]
[BlackClock "0:00:03"]

1. e4 e5 2. Nf3 Nf6 3. Nxe5 d6 4. Nf3 Nxe4 5. Qe2 Qe7 6. d3 Nf6 7. Bg5 Qxe2+ 8. Bxe2 Be7 9. Nc3 O-O 10. O-O-O c6 11. h3 Na6 12. Rhe1 Bd7 13. d4 Nc7 14. Bd3 Rfe8 15. g4 Nfd5 16. Nxd5 Nxd5 17. Bd2 Bf8 18. c4 Nc7 19. Bf4 Ne6 20. Be3 g6 21. Rg1 Bg7 22. h4 c5 23. dxc5 Bc6 24. Ng5 Nxc5 25. Be2 h6 26. Nf3 Ne4 27. Nd4 Ba4 28. b3 Bd7 29. Bf3 Rad8 30. h5 g5 31. Nf5 Bxf5 32. gxf5 b6 33. Kc2 Nc5 34. Rd5 Re5 35. Rgd1 Rxd5 36. Rxd5 Be5 37. b4 Nd7 38. Kb3 Nf6 39. Rd2 Rc8 40. Bb7 Rc7 41. Bd5 Kf8 42. a4 Nxh5 43. a5 bxa5 44. b5 Nf4 45. Bc6 h5 46. Ra2 h4 47. Rxa5 h3 48. Rxa7 Rxa7 49. Bxa7 Ke7 50. Be4 Kd8 51. b6 Bd4 52. Kb4 Bxf2 53. Kb5 g4 54. Ka6 g3 55. b7 Bxa7 56. Kxa7 g2 57. b8=Q+ Ke7 58. Qc7+ Ke8 59. Bc6+ Kf8 60. Qxd6+ Kg7 61. Qd4+ Kf8 62. f6 Kg8 63. Qf2 Kh7 64. Bxg2 Nxg2 65. Qf5+ Kh6 66. Qxh3+ Kg6 67. Qxg2+ Kxf6 68. Qd5 Ke7 69. c5 f5 70. c6 f4 71. c7 f3 72. c8=Q f2 73. Qc7+ 1-0


[Site "https://www.chess.com"]

[Event "Titled Tuesday Blitz December 20 Late 2022"]
[White "Sanchez, Robert"]
[Black "Rangel, Daniel"]
[WhiteFideId "2034360"]
[BlackFideId "2124475"]
[WhiteElo "2378"]
[BlackElo "2225"]
[Result "1/2-1/2"]
[Round "10"]
[TimeControl "180+1"]
[Date "2022.12.21"]
[WhiteClock "0:00:16"]
[BlackClock "0:00:06"]

1. e4 c5 2. Nf3 d6 3. d4 cxd4 4. Nxd4 Nf6 5. Nc3 a6 6. Be3 e5 7. Nb3 Be6 8. f3 h5 9. Qd2 Be7 10. O-O-O Nbd7 11. Kb1 Qc7 12. Nd5 Bxd5 13. exd5 b5 14. Na5 Nb6 15. Bxb6 Qxb6 16. Nc6 Rc8 17. c4 bxc4 18. Bxc4 Nd7 19. Bb3 Bf6 20. g4 Nc5 21. g5 Bd8 22. Rhe1 O-O 23. Bc2 g6 24. h4 Rc7 25. f4 Rb7 26. b3 e4 27. f5 a5 28. fxg6 fxg6 29. Rf1 Rbf7 30. Rxf7 Rxf7 31. Qe3 a4 32. b4 Rf3 33. Qd4 Rf8 34. a3 Nd7 35. Qxb6 Nxb6 36. Bxe4 Nc4 37. Bxg6 Nxa3+ 38. Ka2 Nb5 39. Nxd8 Nc3+ 40. Ka3 Nxd1 41. Ne6 Ra8 42. b5 Nc3 43. b6 Nb5+ 44. Ka2 Rb8 45. Bxh5 Rxb6 46. Be2 Nc3+ 47. Ka3 Nxe2 48. h5 Rb3+ 49. Kxa4 Rh3 50. h6 Nd4 51. Nc7 Nf3 52. Ne8 Nxg5 53. Nxd6 Rd3 54. Nf5 Rxd5 55. Ne7+ Kh7 56. Nxd5 Kxh6 1/2-1/2


[Site "https://www.chess.com"]

[Event "Titled Tuesday Blitz December 20 Late 2022"]
[White "Sebag, Marie"]
[Black "Rego, Pedro Filipe"]
[WhiteFideId "617822"]
[BlackFideId "1904310"]
[WhiteElo "2440"]
[BlackElo "2193"]
[Result "1-0"]
[Round "10"]
[TimeControl "180+1"]
[Date "2022.12.20"]
[WhiteClock "0:00:19"]
[BlackClock "0:00:05"]

1. c4 Nf6 2. Nc3 e6 3. g3 d5 4. d4 dxc4 5. Bg2 c5 6. Nf3 Nc6 7. Qa4 Bd7 8. Qxc4 b5 9. Qd3 c4 10. Qd1 b4 11. Nb1 Be7 12. O-O O-O 13. Qc2 Na5 14. e4 Rc8 15. Rd1 Qb6 16. Bg5 h6 17. Be3 Ng4 18. Bf4 b3 19. Qe2 Bb5 20. Nc3 Nf6 21. Nxb5 Qxb5 22. axb3 Nxb3 23. Rxa7 Bd8 24. Ne5 Bb6 25. Rb7 Qa6 26. Rxb6 Qxb6 27. Be3 Qb5 28. h4 Rfd8 29. g4 Nd7 30. Nf3 Nf6 31. Ne5 Nd7 32. Nf3 Nf6 33. Nd2 Nxd2 34. Rxd2 Qb4 35. g5 hxg5 36. hxg5 c3 37. bxc3 Qb1+ 38. Rd1 Qb3 39. gxf6 g6 40. Bd2 Ra8 41. Re1 Ra2 42. Qe3 Qc2 43. Qh6 1-0


[Site "https://www.chess.com"]

[Event "Titled Tuesday Blitz December 20 Late 2022"]
[White "Shapiro, Daniel"]
[Black "Berezin, Viktor"]
[WhiteFideId "2001780"]
[BlackFideId "14107872"]
[WhiteElo "2344"]
[BlackElo "2310"]
[Result "1-0"]
[Round "10"]
[TimeControl "180+1"]
[Date "2022.12.21"]
[WhiteClock "0:00:07"]
[BlackClock "0:01:17"]

1. d4 Nf6 2. c4 g6 3. Nc3 Bg7 4. e4 O-O 5. Be2 d6 6. Nf3 e5 7. O-O Na6 8. Be3 Qe8 9. d5 Ng4 10. Bd2 f5 11. Ng5 Nf6 12. f3 h6 13. Ne6 Bxe6 14. dxe6 Qxe6 15. a3 fxe4 16. fxe4 Kh7 17. b4 c6 18. Qc2 Rad8 19. h3 Qe7 20. Rf2 Nc7 21. Raf1 Ne6 22. Bd3 Nd4 23. Qd1 a5 24. g4 Nd7 25. Ne2 Rxf2 26. Rxf2 Rf8 27. Nxd4 Rxf2 28. Kxf2 exd4 29. Bf4 Ne5 30. Bxe5 dxe5 31. c5 axb4 32. axb4 Qf7+ 33. Qf3 Qa2+ 34. Kg3 Qb3 35. h4 Qxb4 36. h5 Qe1+ 37. Kg2 Qd2+ 38. Kf1 Qf4 39. Qxf4 exf4 40. e5 Bxe5 41. Bxg6+ Kg7 42. Ke2 Bd6 43. cxd6 Kf6 44. d7 Ke7 45. Bf5 c5 46. Kf3 b5 47. g5 c4 48. gxh6 d3 49. h7 b4 50. h8=Q 1-0


[Site "https://www.chess.com"]

[Event "Titled Tuesday Blitz December 20 Late 2022"]
[White "Shimanov, Aleksandr"]
[Black "Andreikin, Dmitry"]
[WhiteFideId "4198603"]
[BlackFideId "4158814"]
[WhiteElo "2605"]
[BlackElo "2735"]
[Result "1/2-1/2"]
[Round "10"]
[TimeControl "180+1"]
[Date "2022.12.20"]
[WhiteClock "0:00:03"]
[BlackClock "0:00:08"]

1. e4 c5 2. c3 Nf6 3. e5 Nd5 4. Nf3 e6 5. d4 cxd4 6. cxd4 Nc6 7. Bc4 d6 8. O-O dxe5 9. dxe5 Nb6 10. Bd3 Nb4 11. Be4 Qxd1 12. Rxd1 Bd7 13. Bxb7 Nc2 14. Bxa8 Nxa8 15. Ne1 Nxa1 16. Nc3 Nb6 17. Be3 Nc4 18. Bxa7 Nxb2 19. Rxa1 Bb4 20. Ne4 Bc6 21. Bc5 Bxe4 22. Bxb4 Kd7 23. Rc1 Rc8 24. Rxc8 Kxc8 25. f3 Bb1 26. Bc3 Na4 27. Bd4 Bxa2 28. Nd3 Bc4 29. Nf4 g6 30. h4 Kb7 31. h5 Kc6 32. h6 g5 33. Nh3 Kd5 34. Ba1 g4 35. Ng5 Bd3 36. Nxf7 gxf3 37. gxf3 Bg6 38. Ng5 Nc5 39. Nh3 Nd3 40. Kh2 Bf5 41. Ng5 Nxe5 42. Kg3 Nd3 43. f4 Bg6 44. Nf3 Ke4 45. Nh4 Bf5 46. Ng2 Bg6 47. Bf6 Kf5 48. Bd8 Ke4 49. Bc7 Bf5 50. Nh4 Nc1 51. Kf2 Nd3+ 52. Kg3 Nb4 53. Nf3 Nd5 54. Ng5+ Kd3 55. Be5 Nc3 56. Bxc3 Kxc3 57. Nf3 Kd3 58. Nh4 Ke4 59. Nf3 Bg6 60. Ne5 Kf5 61. Kf3 Bh5+ 62. Ke3 Kf6 63. Ke4 Bg6+ 64. Kf3 Bf5 65. Kg3 Be4 66. Kg4 Bf5+ 67. Kh5 Be4 68. Kh4 Kf5 69. Kg3 Kf6 70. Kg4 Bc2 71. Kg3 Kf5 72. Nf3 Kg6 73. Nd4 Bf5 74. Kh4 Kxh6 75. Nf3 Kg6 76. Ne5+ Kf6 77. Nd7+ Ke7 78. Ne5 Kf6 79. Nd7+ Kg7 80. Ne5 h6 81. Kh5 Bc2 82. Kh4 Bd1 83. Kg3 Kf6 84. Nd7+ Kf5 85. Ne5 h5 86. Nc4 Be2 87. Nd6+ Kf6 88. Ne4+ Kg6 89. Nd6 Bd1 90. Ne4 Kf5 91. Nd6+ Kf6 92. Ne4+ Kg7 93. Kh4 Kg6 94. Nd6 Bg4 95. Kg3 Kf6 96. Kh4 Kg6 97. Kg3 Be2 98. Kh4 Bd3 99. Kg3 Bf5 100. Kh4 Bg4 1/2-1/2


[Site "https://www.chess.com"]